 Dungeon Crawl Stone Soup version 0.30-a0-12-gd8047c6341 (webtiles) character file.

Game seed: 9131277388323537300

293 Flugkiller the Chopper (level 6, -2/56 HPs)
             Began as a Minotaur Fighter on Aug 23, 2022.
             Succumbed to a gnoll's poison
             ... on level 3 of the Dungeon.
             The game lasted 00:00:54 (1964 turns).

Flugkiller the Chopper (Minotaur Fighter)           Turns: 1964, Time: 00:00:54

Health: -2/56      AC:  7    Str: 17 (20) XL:     6   Next: 11%
Magic:  5/5        EV:  9    Int:  3 (5)  God:
Gold:   124        SH:  4    Dex: 11 (12) Spells: 5/5 levels left

rFire   . . .      SeeInvis .    a - +0 war axe
rCold   . . .      Faith    .    c - +0 buckler
rNeg    . . .      Spirit   .    b - +0 scale mail
rPois   .          Reflect  .    (helmet restricted)
rElec   .          Harm     .    (no cloak)
rCorr   .          Rampage  .    (no gloves)
Will    .....                    (no boots)
Stlth   ..........               (no amulet)
HPRegen 0.18/turn                (no ring)
MPRegen 0.09/turn                (no ring)

@: lethally poisoned (-2 -> -22)
A: horns 2, retaliatory headbutt
a: no special abilities


You were on level 3 of the Dungeon.
You visited 1 branch of the dungeon, and saw 3 of its levels.

You collected 124 gold pieces.

Inventory:

Hand Weapons
 a - a +0 war axe (weapon)
Missiles
 f - a throwing net (quivered)
Armour
 b - a +0 scale mail (worn)
 c - a +0 buckler (worn)
Jewellery
 q - an amulet of regeneration
   (You found it on level 3 of the Dungeon)
Wands
 r - a wand of mindburst (18)
   (You took it off a goblin on level 3 of the Dungeon)
Scrolls
 e - a scroll of fear {unknown}
 i - 5 scrolls of identify {unknown}
 j - a scroll of enchant armour {unknown}
 l - a scroll of teleportation {unknown}
 m - a scroll of magic mapping {unknown}
 n - a scroll of enchant weapon {unknown}
 o - a scroll of poison {unknown}
Potions
 d - a potion of might
 h - a potion of flight {unknown}
 k - a potion of attraction {unknown}
 p - a potion of mutation {unknown}


   Skills:
 + Level 5.1 Fighting
 * Level 5.8 Axes
 + Level 5.1 Armour
 - Level 3.6 Shields


You had 5 spell levels left.
You didn't know any spells.
Your spell library was empty.

Dungeon Overview and Level Annotations

Branches:
Dungeon (3/15)

Altars:
Sif Muna

Shops:
D:1 *

Portals:
Abyss: D:3

Annotations:
D:3 1 transporter, surr's ghost, amateur KoEE


Innate Abilities, Weirdness & Mutations

You have a pair of horns on your head.
You reflexively headbutt those who attack you in melee.


Message History

You feel sick.
You feel sick.
You feel sick.
You feel sick.
You feel sick.
You are no longer poisoned.
You see here a +0 dagger of venom.
An orc comes into view. It is wielding a +0 short sword.
The orc shouts!
An orc is nearby!
An orc priest comes into view. It is wielding a +0 short sword.
An orc comes into view. It is wielding a +0 short sword.
The orc shouts!
The orc priest shouts!
A quokka comes into view.
The orc closely misses you.
You barely miss the orc. You headbutt the orc, but do no damage.
You hit the orc. You headbutt the orc.
You kill the orc!
You barely miss the orc priest. You hit the orc. You block the orc's attack.
The orc priest calls upon Beogh to heal the orc.
The orc is healed somewhat.
You slash the orc!
You kill the orc!
You slash the quokka!
You kill the quokka!
You barely miss the orc priest.
The orc priest hits you but does no damage.
The orc priest closely misses you.
You barely miss the orc priest. The orc priest barely misses you.
You furiously retaliate!
You headbutt the orc priest, but do no damage.
You barely miss the orc priest.
The orc priest hits you but does no damage.
You completely miss the orc priest. You headbutt the orc priest.
The orc priest is moderately wounded.
The orc priest hits you with a +0 short sword.
You closely miss the orc priest.
The orc priest is moderately wounded.
The orc priest hits you with a +0 short sword.
The orc priest closely misses you.
You closely miss the orc priest.
The orc priest is moderately wounded.
The orc priest hits you but does no damage.
An orc priest is nearby!
You hit the orc priest but do no damage.
The orc priest is moderately wounded.
The orc priest calls down the wrath of Beogh upon you.
Pain shoots through your body!
An orc priest is nearby!
You slash the orc priest!
You kill the orc priest!
Your life force feels restored.
You have reached level 6!
Things that are here:
a +0 short sword; a +0 leather armour A gnoll comes into view.
It is wielding a +0 flail.
A gnoll is nearby!
A gnoll is nearby!
A gnoll is nearby!
A bat and 2 gnolls come into view.
The gnoll shouts! x3; You hear a shout!
A gnoll comes into view. It is wielding a +1 halberd of venom.
The bat barely misses you.
You slash the bat!
You kill the bat!
The gnoll barely misses you. You furiously retaliate!
You headbutt the gnoll, but do no damage.
You hit the gnoll but do no damage. You hit the gnoll.
The gnoll hits you but does no damage.
You are poisoned.
The gnoll closely misses you. The gnoll hits you with a +0 flail.
You block the gnoll's attack.
You barely miss the gnoll.
The gnoll is moderately wounded.
You hit the gnoll.
You feel sick. The gnoll hits you with a +0 flail.
You block the gnoll's attack.
The gnoll hits you from afar with a +0 halberd!
The gnoll hits you with a +0 flail!
You hit the gnoll. You headbutt the gnoll.
The gnoll is almost dead.
You barely miss the gnoll.
You feel sick. You block the gnoll's attack. The gnoll barely misses you.
The gnoll closely misses you. The gnoll hits you with a +0 flail.
You hit the gnoll.
You kill the gnoll!
You slash the gnoll!
You feel sick.
The gnoll hits you from afar with a +1 halberd of venom!
You are more poisoned.
The gnoll hits you from afar with a +0 halberd!
* * * LOW HITPOINT WARNING * * *
The gnoll hits you with a +0 flail.
* * * LOW HITPOINT WARNING * * *
The gnoll hits you but does no damage. x2
You are more poisoned.
The gnoll completely misses you.
You are too injured to fight recklessly!
It was a potion of degeneration.
There was something very wrong with that liquid.
You feel weakened.
You feel dopey.
You feel clumsy.
You die...

#....### #.### .####
#......# #.#.. #. #
#..)...# #.#.# #...)).#
#.#.# #......###.#.#
.......##....#.## #
###....##.#.....####..#
#....##.#.....†.....# #
#.......#....@.g..... .
#.......#....g)g..... #
#.......#............
#..##
..................
#..#.
......######.......
#..#. ... ....... #..#.
.. ....... #..#.
....... #..#. #..#.


You could see 3 gnolls.

Vanquished Creatures
  Pargi (D:3)
  2 orc priests (D:3)
  An orc wizard (D:3)
  A gnoll (D:3)
  4 adders
  2 dart slugs
  10 orcs (D:3)
  3 bats
  3 endoplasms (D:1)
  A giant cockroach (D:1)
  9 goblins
  6 hobgoblins
  3 kobolds
  3 quokkas
  3 ball pythons
  2 frilled lizards
  7 rats (D:1)
61 creatures vanquished.

Vanquished Creatures (others)
  7 plants
7 creatures vanquished.

Grand Total: 68 creatures vanquished

Notes
Turn   | Place    | Note
-------+----------+-------------------------------------------
     0 | D:1      | Flugkiller the Minotaur Fighter began the quest for the
                  | Orb.
     0 | D:1      | Reached XP level 1. HP: 19/19 MP: 0/0
    57 | D:1      | Reached XP level 2. HP: 27/27 MP: 1/1
   251 | D:1      | Found a faded altar of an unknown god.
   319 | D:1      | Found Heorufadgh's General Store.
   387 | D:1      | Reached XP level 3. HP: 32/33 MP: 2/2
  1043 | D:3      | Reached XP level 4. HP: 40/41 MP: 3/3
  1346 | D:3      | Noticed a small abomination
  1363 | D:3      | Noticed Pargi
  1374 | D:3      | Killed Pargi
  1375 | D:3      | Reached skill level 5 in Axes
  1375 | D:3      | Reached XP level 5. HP: 16/47 MP: 4/4
  1401 | D:3      | Reached skill level 5 in Fighting
  1401 | D:3      | Reached skill level 5 in Armour
  1690 | D:3      | Found a shimmering blue altar of Sif Muna.
  1741 | D:3      | Found a transporter.
  1741 | D:3      | Found a one-way gate to the infinite horrors of the Abyss.
  1741 | D:3      | Noticed surr's ghost (amateur KoEE)
  1741 | D:3      | Noticed a small abomination
  1862 | D:3      | Reached XP level 6. HP: 40/56 MP: 5/5
  1963 | D:3      | HP: 2/56 [gnoll/+0 flail (5)]
  1964 | D:3      | Succumbed to a gnoll's poison

Illustrated notes

Levels and vault maps discovered:
D:1:      psy_arrival_heroes, layout_basic, serial_shops, shop,
          dreamdust_ecumenical_altar_grove, minmay_stone_trees_large
D:2:      layout_rooms
D:3:      layout_basic, mainiacjoe_overflow_chevrons,
          gammafunk_ghost_abyssal_escape, grunt_decor_cap, uniq_pargi

Skill      XL: |  1  2  3  4  5 |
---------------+----------------+-----
Axes           | 3 4 5 |  5.8
Fighting       | 4 5 |  5.1
Armour         | 4 5 |  5.1
Shields        | |  3.6

Action                   |  1- 3 |  4- 6 || total
-------------------------+-------+-------++-------
Melee: War axe           |    62 |    51 ||   113
       Headbutt          |     6 |     9 ||    15
  Use: Potion            |       |     1 ||     1
Armor: Scale mail        |    26 |    31 ||    57
Dodge: Dodged            |    29 |    32 ||    61
Block: Buckler           |    13 |    14 ||    27

Table legend: (Time is in decaauts)
 A = Elapsed time spent in this place.
 B = Non-inter-level travel time spent in this place.
 C = Inter-level travel time spent in this place.
 D = Time resting spent in this place.
 E = Time spent auto-exploring this place.
 F = Levels seen in this place.
 G = Mean time per level.
                   A        B        C        D        E       F      G
               +--------+--------+--------+--------+--------+-----+--------+
         Total |   2002 |   1949 |     53 |    171 |   1453 |   3 |  667.3 |
       Dungeon |   2002 |   1949 |     53 |    171 |   1453 |   3 |  667.3 |
               +--------+--------+--------+--------+--------+-----+--------+

Top non-repeatable levels by time:
     D:3: 946 daAuts
     D:1: 560 daAuts
     D:2: 495 daAuts
